 Dungeon Sprint DCSS version 0.17-b1-22-g5359643 (webtiles) character file.

466 Burgietje the Carver (level 6, -1/71 HPs)
             Began as a Minotaur Berserker on Nov 5, 2015.
             Was a Believer of Trog.
             Slain by Sonja
             ... wielding a +0 dagger of distortion
              (3 damage)
             ... in the Dungeon (Sprint I: "Red Sonja").
             The game lasted 00:01:11 (757 turns).

Burgietje the Carver (Minotaur Berserker)            Turns: 757, Time: 00:01:11

Health: -1/71      AC:  2    Str: 22    XL:     6   Next: 81%
Magic:  5/5        EV: 12    Int:  4    God:    Trog [**....]
Gold:   297        SH:  0    Dex: 11    Spells: 0 memorised, 5 levels left

rFire  . . .     SeeInvis .     a - +0 falchion
rCold  . . .     Clarity  .     b - +0 animal skin
rNeg   . . .     SustAt   .     (no shield)
rPois  .         Gourm    .     (helmet restricted)
rElec  .         Spirit   .     (no cloak)
rCorr  .         Warding  .     (no gloves)
rMut   .         NoTele   +     (no boots)
MR     .....                    (no amulet)
Stlth  +.........               (no ring)
                                (no ring)

@: lethally poisoned (-1 -> -22), exhausted, slowed, very slow, not resistant to
hostile enchantments, very unstealthy
A: retaliatory headbutt, horns 2
a: Berserk, Trog's Hand, Burn Spellbooks, Renounce Religion


You were in the Dungeon.
You worshipped Trog.
Trog was pleased with you.
You were not hungry.

You visited 1 branch You collected 297 gold pieces.

Inventory:

Hand Weapons
 a - a +0 falchion (weapon)
Armour
 b - a +0 animal skin (worn)
Scrolls
 i - a scroll of blinking
Potions
 d - a potion of curing
 e - a potion of heal wounds
 f - a potion of haste
 g - 2 potions of magic
 h - a potion of berserk rage
Comestibles
 c - a bread ration
 j - 6 chunks of flesh
 k - a slice of pizza


   Skills:
 + Level 12.5 Fighting
 + Level 12.5 Long Blades
 - Level 2.4 Armour
 - Level 2.1 Dodging


You had 5 spell levels left.
You didn't know any spells.

Dungeon Overview and Level Annotations

Branches:
Dungeon (1/1)

Altars:
Elyvilon
Gozag
Kikubaaqudgha
Makhleb
Nemelex Xobeh
Okawaru
Qazlal
Ru
Sif Muna
Trog
Vehumet
Xom
Yredelemnul
Zin
The Shining One

Shops:
D }

Annotations:
D Sonja


Innate Abilities, Weirdness & Mutations

You reflexively headbutt those who attack you in melee.
You have a pair of horns on your head.


Message History

Its appearance distorts for a moment.
Sonja hits you but does no damage. Space bends around you.
* * * LOW HITPOINT WARNING * * *
Sonja hits you with an uncursed dagger of distortion.
* * * LOW HITPOINT WARNING * * *
Space warps horribly around you!
* * * LOW HITPOINT WARNING * * *
Sonja barely misses you.
Sonja hits you with an uncursed dagger of distortion.
* * * LOW HITPOINT WARNING * * *
Sonja barely misses you.
Sonja hits you with an uncursed dagger of distortion.
* * * LOW HITPOINT WARNING * * *
You feel a strange sense of stasis.
You see here a curare-tipped needle.
You miss Sonja. Your headbutt misses Sonja.
* * * LOW HITPOINT WARNING * * *
You feel sick. Sonja barely misses you. Sonja misses you.
Sonja hits you with an uncursed dagger of distortion.
You die...

################
#<.#..').#..'..#
#..').#..').#..+
#..#####'#####'#
#..####..#...#)#
#..#__####..##.#
#..#_..__##'#..+
#⌠⌠#_.∩...'.K._#
####_..._##_@#'#
#_____###'#(#
####### #(###
+$.$+ #$.$#
##(## #+#


You could see Sonja.

Vanquished Creatures
  A yak (D)
  Sigmund (D)
  An ogre (D)
  A jelly (D)
  Ijyb (D)
5 creatures vanquished.

Vanquished Creatures (others)
  A wasp (D)
1 creature vanquished.

Grand Total: 6 creatures vanquished

Notes
Turn   | Place    | Note
--------------------------------------------------------------
     0 | D        | Burgietje the Minotaur Berserker began the quest for the Orb.
     0 | D        | Reached XP level 1. HP: 19/19 MP: 0/0
     4 | D        | Noticed Ijyb
    17 | D        | Killed Ijyb
    17 | D        | Reached skill level 6 in Fighting
    17 | D        | Reached XP level 2. HP: 13/30 MP: 1/1
   188 | D        | Noticed an ogre
   191 | D        | Killed an ogre
   191 | D        | Reached skill level 8 in Fighting
   191 | D        | Reached XP level 3. HP: 9/41 MP: 2/2
   191 | D        | Reached XP level 4. HP: 10/49 MP: 3/3
   443 | D        | Noticed Sigmund
   454 | D        | Killed Sigmund
   454 | D        | Reached ** piety under Trog
   454 | D        | Reached skill level 11 in Fighting
   454 | D        | Reached XP level 5. HP: 32/60 MP: 4/4
   454 | D        | Reached XP level 6. HP: 36/68 MP: 5/5
   618 | D        | Found a deep blue altar of Sif Muna.
   619 | D        | Noticed a jelly
   620 | D        | Found a radiant altar of Vehumet.
   622 | D        | Killed a jelly
   659 | D        | Found Plog's Gadget Emporium.
   659 | D        | Found a white marble altar of Elyvilon.
   659 | D        | Found a stormy altar of Qazlal.
   659 | D        | Found a burning altar of Makhleb.
   659 | D        | Found a sacrificial altar of Ru.
   659 | D        | Found a basalt altar of Yredelemnul.
   659 | D        | Found a glowing golden altar of the Shining One.
   659 | D        | Found a sparkling altar of Nemelex Xobeh.
   659 | D        | Found a shimmering altar of Xom.
   659 | D        | Found an opulent altar of Gozag.
   659 | D        | Found an ancient bone altar of Kikubaaqudgha.
   659 | D        | Found a glowing silver altar of Zin.
   659 | D        | Noticed a yak
   666 | D        | Killed a yak
   666 | D        | Reached skill level 12 in Fighting
   667 | D        | Found an iron altar of Okawaru.
   670 | D        | Found a bloodstained altar of Trog.
   734 | D        | Killed a wasp
   749 | D        | Noticed Sonja
   756 | D        | HP: 3/71 [Sonja/uncursed dagger of distortion (2)]
   757 | D        | Slain by Sonja

Action                   |  1- 3 |  4- 6 || total
-------------------------+-------+-------++-------
Melee: Falchion          |    14 |    22 ||    36
Invok: Berserk           |       |     1 ||     1
